 Dungeon Crawl Stone Soup version 0.29.1-12-g30fa7ad0bf (webtiles) character file.

Game seed: 1812456954523728669

3869 Sanktem7 the Fighter (level 10, -2/96 HPs)
             Began as a Minotaur Fighter on Dec 15, 2022.
             Was a Believer of Trog.
             Slain by Gastronok (29 damage)
             ... on level 8 of the Dungeon.
             The game lasted 00:15:18 (9243 turns).

Sanktem7 the Fighter (Minotaur Fighter)             Turns: 9243, Time: 00:15:18

Health: -2/96      AC: 11    Str: 25    XL:     10   Next: 0%
Magic:  9/9        EV:  8    Int:  5    God:    Trog [**....]
Gold:   546        SH:  4    Dex: 10    Spells: 9/9 levels left

rFire   . . .      SeeInvis .   a - +1 war axe (vamp) {axe}
rCold   . . .      Faith    .   c - +0 buckler
rNeg    . . .      Spirit   .   r - +0 chain mail
rPois   .          Reflect  .   (helmet restricted)
rElec   .          Harm     .   (no cloak)
rCorr   +          Rampage  .   (no gloves)
Will    +....                   (no boots)
Stlth   ..........              C - amulet of magic regeneration {@e2}
HPRegen 0.26/turn               j - ring of willpower
MPRegen 0.51/turn               w - ring of resist corrosion

@: slowed, very slow
A: horns 2, retaliatory headbutt
a: Renounce Religion, Berserk, Trog's Hand


You were on level 8 of the Dungeon.
You worshipped Trog.
Trog was pleased with you.
You visited 1 branch of the dungeon, and saw 8 of its levels.
You also visited: Sewer and Ossuary.

You collected 546 gold pieces.


Innate Abilities, Weirdness & Mutations

You have a pair of horns on your head.
You reflexively headbutt those who attack you in melee.


   Skills:
 * Level 11.2 Fighting
 * Level 10.8 Axes
 + Level 3.1 Throwing
 + Level 8.3 Armour
 - Level 3.6 Shields


You had 9 spell levels left.
You didn't know any spells.
Your spell library contained the following spells:

 Spells                   Type           Power      Damage    Failure   Level
 Foxfire                  Conj/Fire      0%         2x1d4     98%         1
 Sandblast                Erth           0%         2d4       98%         1
 Passwall                 Tmut/Erth      0%         N/A       99%         2
 Conjure Flame            Conj/Fire      0%         6-21      100%        3
 Inner Flame              Hex/Fire       0%         N/A       100%        3
 Stone Arrow              Conj/Erth      0%         3d7       100%        3
 Cause Fear               Hex            0%         N/A       100%        4
 Flame Wave               Conj/Fire      0%         2d4       100%        4
 Petrify                  Tmut/Erth      0%         N/A       100%        4
 Metabolic Englaciation   Hex/Ice        0%         N/A       100%        5
 Statue Form              Tmut/Erth      0%         N/A       100%        6
 Dragon Form              Tmut           0%         N/A       100%        7
 Dragon's Call            Summ           0%         N/A       100%        9

Inventory:

Hand Weapons
 a - a +1 vampiric war axe (weapon) {axe}
Missiles
 f - 22 poisoned darts (quivered) {throwing}
 s - a boomerang of dispersal {=f!fthrowing}
 v - 2 curare-tipped darts {=fthrowing}
Armour
 c - a +0 buckler (worn)
 r - a +0 chain mail (worn)
   (You found it on level 4 of the Dungeon)
Jewellery
 j - a ring of willpower (left hand)
   (You found it on level 4 of the Dungeon)
 w - a ring of resist corrosion (right hand)
   (You found it on level 6 of the Dungeon)
 C - an amulet of magic regeneration (around neck) {@e2}
   (You found it on level 7 of the Dungeon)
Wands
 D - a wand of paralysis (5)
   (You took it off an orc wizard on level 7 of the Dungeon)
Scrolls
 e - a scroll of fear
 k - a scroll of vulnerability {!r!r}
 z - a scroll of teleportation {@r4}
 B - a scroll of butterflies
Potions
 b - a potion of brilliance {unknown}
 d - 2 potions of might
 g - 3 potions of curing {@q1}
 h - 3 potions of magic {unknown}
 i - 4 potions of degeneration {!q@e2}
 l - a potion of flight {unknown}
 m - 2 potions of ambrosia
 n - 2 potions of mutation {unknown}
 p - 3 potions of attraction {!q}
 q - 3 potions of heal wounds {unknown}
 t - 3 potions of lignification {!q}
 u - 2 potions of resistance {unknown}
 x - 4 potions of haste {unknown}
 A - 2 potions of invisibility {unknown}

Dungeon Overview and Level Annotations

Branches:
Dungeon (8/15) Zot: 26936  Temple (0/1) D:6           Sewer (visited)
Ossuary (visited)
   Lair: D:8-11

Altars:
Cheibriados
Dithmenos
Gozag
Trog
Uskayaw
The Shining One

Annotations:
D:8 Gastronok

. #.. #.###.. #
.......## #
Y.Yw..>.######## #.
#...Y........# # #.#
#.##### #Y#
#[....#######
#Y######............
#Yw@†......#.#######
########.###.#
#..(.)# #######


You could see Gastronok (swift) and 2 yaks.


Message History

No target in view!
No target in view!
No target in view!
No target in view!
You see here an iguana corpse.
x - 4 black potions (gained 1) Done exploring. 😎 HP[+3]
Your hp is fully restored (89).
Done exploring.
There is an escape hatch in the ceiling here.
There is a stone staircase leading down here.
You can't go up here!
You climb downwards.
You hear the roar of battle.
There is an entrance to a bailey on this level.
Hurry and find it before the portal closes forever!
There is a stone staircase leading up here.
There is a stone staircase leading up here.
Found a stone staircase leading down.
Gastronok and a yak come into view.
Gastronok is wearing a +2 hat of stealth.
The yak bellows!
A yak comes into view.
The yak gores you. 😕 HP[-5]
You take 5 damage, and now have 84/89 hp.
You slash the yak! The yak gores you! 😕 HP[-11]
You take 11 damage, and now have 73/89 hp.
You hit the yak but do no damage. You block the yak's attack.
You slash the yak! You headbutt the yak. The yak gores you!
Gastronok chants a spell, wobbling all the while.
Gastronok puts on a burst of speed!
You hear a bellow! 😮 HP[-11]
You take 11 damage, and now have 62/89 hp.
You hit the yak.
You feel better.
The yak gores you but does no damage. 😮 HP[+2]
You regained 2 hp, and now have 64/89 hp.
You slash the yak!
You hear a bellow!
The yak gores you but does no damage.
You slash the yak!
You kill the yak!
Trog accepts your kill.
A yak comes into view.
You have reached level 10! 😮 HP[+5] MP[+1]
You now have 96 max hp (+7).
You regained 5 hp, and now have 69/96 hp.
Your mp is fully restored (9).
Gastronok looks at you while chanting.
You feel yourself slow down.
You hear a bellow!
You see here a yak corpse. 😮 HP[+1]
A yak comes into view.
Gastronok bites you but does no damage.
You hit Gastronok.
You feel better. 😮 HP[+2]
You regained 2 hp, and now have 72/96 hp.
You hit Gastronok but do no damage. You headbutt Gastronok!
You hear the faint creaking of a very distant portcullis.
Gastronok bites you!! 😮 HP[-18]
You take 18 damage, and now have 54/96 hp.
You hit Gastronok.
You feel better. You block Gastronok's attack. 😮 HP[+1]
You slash Gastronok!
You feel better.
You headbutt Gastronok!
You hear a bellow!
You hear a shout! 😮 HP[+9]
You regained 9 hp, and now have 64/96 hp.
You hit Gastronok but do no damage. Gastronok bites you! 😮 HP[-14]
You take 14 damage, and now have 50/96 hp.
You slash Gastronok!
You feel better. Gastronok misses you. 😮 HP[+7]
You regained 7 hp, and now have 57/96 hp.
You slash Gastronok! Gastronok bites you! 😮 HP[-8]
You take 8 damage, and now have 49/96 hp.
You hit Gastronok.
You feel better.
You headbutt Gastronok, but do no damage.
Gastronok bites you!!
* * * LOW HITPOINT WARNING * * *
😨 HP[-23]
You take 23 damage, and now have 26/96 hp.
MASSIVE DAMAGE!! (PAUSE) Read: 2 scrolls of fear
Press: ? - help, Q - select action, (/) - cycle Dir - look around, f - activate You can't see that place. [the floor.]
As you read the scroll of fear, it crumbles to dust.
You assume a fearsome visage.
Gastronok looks frightened!
The yak looks frightened! x2 😨 HP[+1]
You slash Gastronok!
Your attack snaps Gastronok out of his fear.
Gastronok bites you!!
You die...

Skill      XL: |  1  2  3  4  5  6  7  8  9 |
---------------+----------------------------+-----
Fighting       | 4 5 6 8 9 11 | 11.2
Axes           | 3 4 5 6 7 9 10 | 10.8
Armour         | 4 5 6 7 8 |  8.3
Throwing       | 3 |  3.1
Shields        | |  3.6

Action                   |  1- 3 |  4- 6 |  7- 9 | 10-12 || total
-------------------------+-------+-------+-------+-------++-------
Melee: War axe           |    88 |   158 |   324 |     9 ||   579
       Headbutt          |    14 |    18 |    56 |     3 ||    91
  Use: Scroll            |       |     1 |    14 |     1 ||    16
       Potion            |       |       |     2 |       ||     2
Armor: Scale mail        |    37 |    75 |    16 |       ||   128
       Chain mail        |       |       |   158 |     1 ||   159
Dodge: Dodged            |    37 |    84 |   108 |     1 ||   230
Block: Buckler           |    24 |    42 |    62 |     1 ||   129

Levels and vault maps discovered:
D:1:      dpeg_arrival_orchard, layout_basic, nicolae_kite_square_tiling_tiny
D:2:      layout_loops_ring
D:3:      layout_rooms, mainiacjoe_overflow_alcove_1, general_overflow_altar,
          nicolae_dithmenos_shadow_blocks,
          hellmonk_ecumenical_altar_inner_sanctum
D:4:      layout_basic, trog_hazing_becter, cheibrodos_sewer_entry_sluice,
          uniq_grinder
D:5:      layout_loops_ring, mainiacjoe_overflow_six_doors_small
D:6:      layout_basic, mainiacjoe_overflow_cross_hatched,
          minmay_temple_entry_steel_oval, kennysheep_small_square
D:7:      minmay_opposing_rooms, layout_basic, serial_glass, glass_columns_c,
          glass_columns_a, item_on_display_a, nicolae_ossuary_entry_plus
D:8:      layout_loops_ring, enter_bailey_4, uniq_erica, uniq_pikel,
          uniq_gastronok

Notes
Turn   | Place    | Note
-------+----------+-------------------------------------------
     0 | D:1      | Sanktem7 the Minotaur Fighter began the quest for the Orb.
     0 | D:1      | Reached XP level 1. HP: 19/19 MP: 0/0
     0 | D:1      | magus.rc [v1.9.6]
   264 | D:1      | Reached XP level 2. HP: 27/27 MP: 1/1
   271 | D:1      | Reached skill level 4 in Fighting
   312 | D:1      | Reached skill level 3 in Axes
   570 | D:1      | Reached skill level 4 in Armour
   572 | D:1      | Reached XP level 3. HP: 33/33 MP: 2/2
  1819 | D:3      | Noticed a scorpion
  1820 | D:3      | Reached XP level 4. HP: 41/41 MP: 3/3
  1829 | D:3      | Killed a scorpion
  1830 | D:3      | Reached skill level 5 in Fighting
  1830 | D:3      | Reached skill level 4 in Axes
  1876 | D:3      | You pick up a book of Flames and begin reading...
  1876 | D:3      | You add the spells Foxfire, Conjure Flame, Inner Flame and
                  | Flame Wave to your library.
  1921 | D:3      | Found a snail-covered altar of Cheibriados.
  1980 | D:3      | Reached XP level 5. HP: 43/48 MP: 4/4
  2040 | D:3      | Found a glowing golden altar of the Shining One.
  2047 | D:3      | Found a shadowy altar of Dithmenos.
  2336 | D:3      | Found a faded altar of an unknown god.
  2449 | D:4      | Found a glowing drain.
  2457 | D:4      | Reached skill level 5 in Axes
  2481 | Sewer    | Entered a sewer
  2673 | Sewer    | Reached skill level 6 in Fighting
  2673 | Sewer    | Reached XP level 6. HP: 37/57 MP: 5/5
  2839 | Sewer    | Reached skill level 5 in Armour
  3366 | Sewer    | Reached skill level 6 in Axes
  3366 | Sewer    | Reached XP level 7. HP: 54/64 MP: 6/6
  3813 | D:4      | Noticed Grinder
  3822 | D:4      | HP: 12/64 [Grinder/nerve-wracking pain (8)]
  3827 | D:4      | Killed Grinder
  3828 | D:4      | Reached skill level 7 in Fighting
  4110 | D:4      | HP: 15/66 [orc/+0 trident (3)]
  4723 | D:4      | Found a bloodstained altar of Trog.
  4729 | D:4      | Reached skill level 7 in Axes
  4918 | D:4      | Became a worshipper of Trog the Wrathful
  4960 | D:5      | Entered Level 5 of the Dungeon
  5002 | D:5      | Found an opulent altar of Gozag.
  5029 | D:5      | Reached skill level 6 in Armour
  5134 | D:5      | Reached skill level 8 in Fighting
  5134 | D:5      | Reached XP level 8. HP: 74/74 MP: 7/7
  5546 | D:5      | Reached skill level 8 in Axes
  5602 | D:5      | You pick up a book of Geomancy {forbidden} and begin
                  | reading...
  5602 | D:5      | You add the spells Sandblast, Passwall and Stone Arrow to
                  | your library.
  6477 | D:6      | Found a staircase to the Ecumenical Temple.
  6522 | D:6      | You pick up a book of the Dragon {forbidden} and begin
                  | reading...
  6522 | D:6      | You add the spells Cause Fear, Dragon Form and Dragon's
                  | Call to your library.
  6646 | D:6      | Reached * piety under Trog
  6717 | D:6      | Reached skill level 9 in Fighting
  7022 | D:6      | Reached skill level 7 in Armour
  7119 | D:6      | Found a hide-covered altar of Uskayaw.
  7247 | D:6      | HP: 17/78 [poisoned by a water moccasin]
  7251 | D:6      | Reached skill level 9 in Axes
  7701 | D:7      | Reached XP level 9. HP: 85/85 MP: 8/8
  7716 | D:7      | Found a sand-covered staircase.
  7726 | Ossuary  | Entered an ossuary
  8226 | D:7      | Noticed a troll
  8234 | D:7      | Killed a troll
  8234 | D:7      | Reached ** piety under Trog
  8235 | D:7      | Reached skill level 10 in Fighting
  8235 | D:7      | Reached skill level 1 in Throwing
  8333 | D:7      | HP: 21/85 [white imp/puff of frost (11)]
  8342 | D:7      | HP: 19/85 [water moccasin (4)]
  8421 | D:7      | Reached skill level 10 in Axes
  8421 | D:7      | Reached skill level 2 in Throwing
  8761 | D:7      | Reached skill level 8 in Armour
  8771 | D:7      | Reached skill level 11 in Fighting
  9008 | D:7      | Reached skill level 3 in Throwing
  9078 | D:7      | You pick up a book of Sloth {forbidden} and begin
                  | reading...
  9078 | D:7      | You add the spells Petrify, Metabolic Englaciation and
                  | Statue Form to your library.
  9214 | D:8      | Noticed Gastronok
  9232 | D:8      | Reached XP level 10. HP: 69/96 MP: 9/9
  9243 | D:8      | Slain by Gastronok

Vanquished Creatures
  A troll (D:7)
  Grinder (D:4)
  A yak (D:8)
  A steam dragon (D:7)
  4 water moccasins
  2 black bears
  2 sky beasts
  An ogre (D:5)
  3 centaurs (D:7)
  4 kobold brigands
  2 phantoms (D:5)
  A necrophage (D:5)
  2 scorpions
  7 wights (D:7)
  A howler monkey (D:5)
  2 hounds (D:7)
  2 jellies (D:6)
  3 orc priests
  A gnoll bouda (D:7)
  4 iguanas
  6 orc wizards
  8 mummies (Ossuary)
  6 gnolls (D:7)
  14 adders
  5 river rats
  A shadow imp (D:6)
  6 white imps
  8 worms
  2 dart slugs
  23 orcs
  11 endoplasms
  5 giant cockroaches
  13 goblins
  10 hobgoblins
  14 kobolds
  3 quokkas
  11 ball pythons
  4 bats
  A frilled lizard (D:3)
  A gnoll zombie (Ossuary)
  3 hobgoblin zombies (Ossuary)
  3 kobold zombies (Ossuary)
  An orc zombie (Ossuary)
  12 rats
216 creatures vanquished.

Table legend:
 A = Non-vault XP
 B = Vault XP
 C = Vault XP percentage of total XP
 D = Non-vault monster count
 E = Vault monster count
 F = Vault count percentage of total count
                 A         B        C        D         E       F
            +---------+---------+-------+---------+---------+-------
      Total |    3592 |    1936 |  35.0 |     149 |      67 |  31.0
            +---------+---------+-------+---------+---------+-------
        D:1 |      50 |       0 |   0.0 |      28 |       0 |   0.0
        D:2 |      46 |       0 |   0.0 |      17 |       0 |   0.0
        D:3 |     190 |       0 |   0.0 |      18 |       0 |   0.0
        D:4 |     142 |     320 |  69.3 |      20 |      11 |  35.5
        D:5 |     810 |       0 |   0.0 |      15 |       0 |   0.0
        D:6 |     735 |      46 |   5.9 |      14 |       2 |  12.5
        D:7 |    1399 |     962 |  40.7 |      36 |      10 |  21.7
        D:8 |     220 |       0 |   0.0 |       1 |       0 |   0.0
      Sewer |       0 |     458 | 100.0 |       0 |      28 | 100.0
    Ossuary |       0 |     150 | 100.0 |       0 |      16 | 100.0
            +---------+---------+-------+---------+---------+-------

Illustrated notes

Table legend:
 A = Kills in this place as a percentage of kills in entire the game.
 B = Kills by you in this place as a percentage of kills by you in the entire game.
 C = Kills by friends in this place as a percentage of kills by friends in the entire game.
 D = Other kills in this place as a percentage of other kills in the entire game.
 E = Experience gained in this place as a percentage of experience gained in the entire game.
 F = Experience gained in this place divided by the number of levels of this place that you have seen.
                   A       B       C       D       E      F
               +-------+-------+-------+-------+-------+----------------------
         Total | 100.0 | 100.0 |   N/A |   N/A | 100.0 | 552.8
       Dungeon |  79.6 |  79.6 |   N/A |   N/A |  89.0 | 615.0
         Sewer |  13.0 |  13.0 |   N/A |   N/A |   8.3 | 458.0
       Ossuary |   7.4 |   7.4 |   N/A |   N/A |   2.7 | 150.0
               +-------+-------+-------+-------+-------+----------------------

Table legend: (Time is in decaauts)
 A = Elapsed time spent in this place.
 B = Non-inter-level travel time spent in this place.
 C = Inter-level travel time spent in this place.
 D = Time resting spent in this place.
 E = Time spent auto-exploring this place.
 F = Levels seen in this place.
 G = Mean time per level.
                   A        B        C        D        E       F      G
               +--------+--------+--------+--------+--------+-----+--------+
         Total |   9538 |   9232 |    306 |    300 |   7372 |  10 |  953.8 |
       Dungeon |   7912 |   7606 |    306 |    245 |   6157 |   8 |  989.0 |
         Sewer |   1321 |   1321 |      0 |     55 |    981 |   1 | 1321.0 |
       Ossuary |    305 |    305 |      0 |      0 |    234 |   1 |  305.0 |
               +--------+--------+--------+--------+--------+-----+--------+

Top non-repeatable levels by time:
     D:6: 1486 daAuts
     D:4: 1484 daAuts
   Sewer: 1321 daAuts
     D:5: 1261 daAuts
     D:7: 1213 daAuts
     D:2: 925 daAuts
     D:1: 918 daAuts
     D:3: 562 daAuts
 Ossuary: 305 daAuts
     D:8: 61 daAuts
